 Dungeon Crawl Stone Soup version 0.20.1-1-g8b1a95d (webtiles) character file.

2210 homeworkjunkie the Cleaver (level 9, -2/78 HPs)
             Began as a Hill Orc Fighter on Dec 3, 2017.
             Was an Initiate of Okawaru.
             Killed from afar by Joseph (19 damage)
             ... with a wand of lightning (?/15)
             ... on level 8 of the Dungeon.
             The game lasted 00:10:12 (6133 turns).

homeworkjunkie the Cleaver (Hill Orc Fighter)       Turns: 6133, Time: 00:10:12

Health: -2/78      AC: 13    Str: 21    XL:     9   Next: 35%
Magic:  9/9        EV:  6    Int: 11    God:    Okawaru [......]
Gold:   362        SH: 10    Dex: 11    Spells: 8/8 levels left

rFire    + . .     SeeInvis .   a - +1 war axe
rCold    . . .     Gourm    .   c - +0 shield
rNeg     . . .     Faith    .   j - +2 chain mail {rF+}
rPois    .         Spirit   .   h - +0 helmet
rElec    .         Reflect  .   (no cloak)
rCorr    .         Harm     .   (no gloves)
MR       .....                  (no boots)
Stlth    ..........             (no amulet)
Regen    0.3/turn               o - +3 ring of intelligence
MPRegen  0.2/turn               n - ring of stealth

@: no status effects
A: no striking features
a: Renounce Religion


You were on level 8 of the Dungeon.
You worshipped Okawaru.
Okawaru was noncommittal.
You were not hungry.

You visited 2 branches of the dungeon, and saw 9 of its levels.

You collected 362 gold pieces.

Inventory:

Hand Weapons
 a - a +1 war axe (weapon)
Armour
 c - a +0 shield (worn)
 h - a +0 helmet (worn)
 j - a +2 chain mail of fire resistance (worn)
Jewellery
 n - a ring of stealth (right hand)
 o - a +3 ring of intelligence (left hand)
Scrolls
 d - a scroll of identify
 e - 3 scrolls of remove curse
 g - a scroll of magic mapping
Potions
 i - 2 potions of curing
 k - a potion of ambrosia
 m - a potion of agility
Comestibles
 b - 3 royal jellies
 f - 4 bread rations
 l - a meat ration


   Skills:
 * Level 6.6 Fighting
 * Level 10.6 Axes
 * Level 7.2 Armour
 + Level 1.0 Dodging
 + Level 0.1 Stealth
 * Level 6.3 Shields


You had 8 spell levels left.
You didn't know any spells.

Dungeon Overview and Level Annotations

Branches:
Dungeon (8/15)             Temple (1/1) D:7
   Lair: D:8-11

Altars:
Ashenzari
Cheibriados
Dithmenos
Elyvilon
Fedhas
Gozag
Hepliaklqana
Kikubaaqudgha
Nemelex Xobeh
Okawaru
Ru
Sif Muna
Trog
Vehumet
Xom
The Shining One

Shops:
D:4 (

Annotations:
D:8 Joseph, Psyche


Message History

You are too injured to fight recklessly!
The centaur wields an uncursed shortbow.
The centaur shoots an arrow.
The arrow hits you but does no damage.
Joseph zaps a wand.
The bolt of lightning hits you!
* * * LOW HITPOINT WARNING * * *
You see here 2 arrows.
The centaur shoots an arrow.
The arrow hits you but does no damage.
Things that are here:
an arrow; a sling bullet The shadow imp lashes its tail.
You see here an arrow.
The centaur shoots an arrow.
The arrow hits you.
* * * LOW HITPOINT WARNING * * *
You see here 2 arrows.
You see here an arrow.
You feel better.
Joseph zaps a wand.
The bolt of lightning hits the shadow imp.
The shadow imp dies!
The bolt of lightning hits you!
You die...

#.. #.# #<# #.#
#.# #.####
#.##.....
#.#.....##########
#?......@........#
##....c(########.#
#......(# #.#
......@(# #.#
#...##.(# #.# ...
#..# #.# ##
#.......# #.#
#.#####.# #.# #.
#.#


You could see Joseph and a centaur.

Vanquished Creatures
  The ghost of Thyosulf the Chopper, an amateur MiMo (D:4)
  A sky beast (D:8)
  An ogre (D:5)
  A phantom (D:4)
  A centaur (D:5)
  3 bullfrogs
  Blork the orc (D:6)
  5 scorpions
  A water moccasin skeleton (D:8)
  A howler monkey (D:5)
  2 crimson imps
  A bullfrog zombie (D:8)
  4 hounds
  5 orc priests
  3 bullfrog skeletons (D:5)
  2 jellies (D:6)
  A centaur skeleton (D:7)
  An iguana (D:5)
  8 worker ants
  3 orc wizards
  A hound skeleton (D:4)
  4 gnolls (D:2)
  8 adders
  A shadow imp (D:5)
  An adder zombie (D:6)
  2 adder skeletons
  2 worms
  2 dart slugs
  5 leopard geckos
  18 orcs
  11 giant cockroaches
  4 goblins
  7 hobgoblins
  10 jackals
  A quokka (D:8)
  2 bats (D:1)
  12 frilled lizards
  10 kobolds
  A leopard gecko zombie (D:6)
  3 rats
151 creatures vanquished.

Vanquished Creatures (others)
  A sky beast (D:5)
  A shadow imp (D:8)
2 creatures vanquished.

Grand Total: 153 creatures vanquished

Notes
Turn   | Place    | Note
-------+----------+-------------------------------------------
     0 | D:1      | homeworkjunkie the Hill Orc Fighter began the quest for the Orb.
     0 | D:1      | Reached XP level 1. HP: 19/19 MP: 1/1
    34 | D:1      | Reached XP level 2. HP: 11/27 MP: 2/2
   276 | D:1      | Reached skill level 3 in Axes
   315 | D:2      | Reached XP level 3. HP: 17/33 MP: 3/3
   507 | D:2      | Found a shimmering altar of Xom.
   652 | D:2      | Reached XP level 4. HP: 15/41 MP: 4/4
   934 | D:3      | Reached skill level 4 in Axes
  1091 | D:4      | Noticed Thyosulf's ghost (amateur MiMo)
  1483 | D:3      | Reached XP level 5. HP: 31/47 MP: 5/5
  1612 | D:5      | Entered Level 5 of the Dungeon
  1635 | D:5      | Noticed an ogre
  1951 | D:2      | Found a white marble altar of Elyvilon.
  1951 | D:2      | Found a glowing golden altar of the Shining One.
  1964 | D:2      | Found a bloodstained altar of Trog.
  1964 | D:2      | Found a hazy altar of Hepliaklqana.
  2031 | D:2      | Reached skill level 5 in Axes
  2049 | D:2      | Reached XP level 6. HP: 7/53 MP: 6/6
  2388 | D:2      | Found a shimmering altar of Xom.
  3148 | D:4      | Found Atih's Weapon Shop.
  3219 | D:4      | Reached skill level 6 in Axes
  3393 | D:4      | Noticed a phantom
  3427 | D:4      | Killed a phantom
  3427 | D:4      | Reached skill level 5 in Armour
  3427 | D:4      | Reached skill level 5 in Shields
  3427 | D:4      | Reached XP level 7. HP: 39/60 MP: 7/7
  3588 | D:4      | Killed Thyosulf's ghost
  3588 | D:4      | Reached skill level 7 in Axes
  3798 | D:4      | Reached skill level 5 in Fighting
  3859 | D:5      | Found a shattered altar of Ashenzari.
  3859 | D:5      | Found a shadowy altar of Dithmenos.
  3928 | D:5      | Reached XP level 8. HP: 62/68 MP: 8/8
  3983 | D:5      | Reached skill level 8 in Axes
  4727 | D:5      | Reached skill level 9 in Axes
  5142 | D:6      | Reached skill level 1 in Dodging
  5265 | D:6      | Reached XP level 9. HP: 60/75 MP: 9/9
  5341 | D:6      | Noticed Blork the orc
  5356 | D:6      | Killed Blork the orc
  5604 | D:7      | Found a staircase to the Ecumenical Temple.
  5613 | Temple   | Entered the Ecumenical Temple
  5655 | Temple   | Became a worshipper of Warmaster Okawaru
  5731 | D:7      | Reached skill level 10 in Axes
  5989 | D:8      | Noticed Psyche
  6124 | D:8      | Noticed Joseph
  6133 | D:8      | Killed from afar by Joseph

Skill      XL: |  1  2  3  4  5  6  7  8  9 |
---------------+----------------------------+-----
Fighting       | 4 5 6 |  6.6
Axes           | 3 4 5 6 7 9 10 | 10.6
Armour         | 4 5 6 7 |  7.2
Shields        | 4 5 6 |  6.3
Dodging        | 1 |  1.0
Stealth        | |  0.1

Action                   |  1- 3 |  4- 6 |  7- 9 || total
-------------------------+-------+-------+-------++-------
Melee: War axe           |    76 |   194 |   290 ||   560
  Use: Scroll            |     2 |     6 |     3 ||    11
       Potion            |     2 |     3 |     4 ||     9
  Eat: Meat ration       |       |     2 |     1 ||     3
       Royal jelly       |       |     1 |     1 ||     2
Armor: Scale mail        |    41 |     3 |       ||    44
       Chain mail        |       |    98 |   136 ||   234
       Skin              |       |     3 |       ||     3
Dodge: Dodged            |    35 |    38 |    63 ||   136
Block: Shield            |    66 |   117 |   129 ||   312
